Map: Apotheosis LE

Players

DeathPUNK

  • Race: Zerg Zerg
  • League: Master

A.I. 1 (Very Easy) - Winner!

  • Race: Zerg Zerg

VOD

Have the link to the VOD?

Description

Time

  • Played on: Aug. 18, 2016, 9:20 a.m.
  • Length: 6:30
Show
View Real Time Build Order
Export as new Build Order

DeathPUNK Zerg 

Build Orders: Hatch First 

Get SALT Encoding   

  12  0:01  Drone  
  13  0:12  Overlord  
  13  0:17  Drone  
  14  0:30  Drone x2  
  14  0:35  Drone  
  17  0:55  Hatchery  
  16  0:57  Drone  
  17  1:04  Drone  
  17  1:05  Extractor  
  17  1:17  Spawning Pool  
  16  1:20  Drone  
  16  1:24  Drone  
  18  1:28  Drone  
  19  1:41  Overlord  
  19  2:05  Zergling x4  
  19  2:06  Queen  
  19  2:07  Zergling x2  
  24  2:09  Queen  
  24  2:12  Metabolic Boost  
  26  2:16  Drone  
  26  2:21  Drone  
  28  2:23  Drone  
  28  2:28  Drone  
  30  2:33  Drone  
  31  2:37  Baneling Nest  
  31  2:39  Drone  
  31  2:51  Drone x2  
  31  2:55  Overlord  
  31  2:57  Evolution Chamber  
  32  3:03  Drone  
  32  3:05  Drone  
  34  3:12  Drone  
  35  3:14  Drone x2  
  35  3:16  Drone  
  35  3:17  Drone x2  
  40  3:23  Zerg Ground Armor Level 1  
  40  3:26  Drone  
  41  3:40  Drone  
  42  3:41  Hatchery  
  42  3:48  Drone  
  42  4:00  Queen  
  44  4:03  Hatchery  
  44  4:04  Overlord x2  
  43  4:15  Zergling x2  
  44  4:17  Overlord x2  
  44  4:22  Zergling x6  
  44  4:23  Zergling x6  
  50  4:26  Zergling x2  
  51  4:34  Zergling x10  
  56  4:40  Zergling x2  
  57  4:47  Zergling x2  
  58  4:53  Overlord  
  58  4:54  Zergling x14  
  65  5:04  Zergling x6  
  66  5:13  Zergling x4  
  68  5:17  Zergling x2  
  68  5:18  Zergling x2  
  70  5:24  Zergling x12  
Show
View Real Time Build Order
Export as new Build Order

A.I. 1 (Very Easy) Zerg - Winner!

Build Orders: Hatch First 

Get SALT Encoding   

  12  0:01  Drone  
  13  0:12  Overlord  
  13  0:17  Drone  
  14  0:44  Hatchery  
  14  0:46  Drone  
  14  1:05  Spawning Pool  
  14  1:07  Extractor  
  14  1:09  Drone  
  13  1:16  Drone  
  14  1:22  Overlord  
  14  1:53  Queen, Zergling x2  
  17  1:55  Zergling x2  
  18  2:01  Roach Warren  
  18  2:07  Drone  
  18  2:10  Extractor  
  18  2:15  Drone  
  18  2:20  Zergling x2  
  19  2:25  Drone  
  20  2:32  Drone  
  21  2:39  Drone  
  22  2:46  Drone  
  23  2:53  Drone  
  24  3:01  Drone  
  24  3:02  Lair  
  25  3:30  Drone  
  26  3:38  Drone  
  26  3:41  Zergling x2  
  26  3:45  Drone  
  28  3:49  Overlord  
  28  3:52  Drone  
  29  3:59  Drone  
  30  4:04  Spire  
  30  4:06  Drone  
  30  4:12  Overseer  
  30  4:14  Drone  
  31  4:19  Overseer  
  31  4:21  Drone  
  32  4:28  Drone  
  32  4:29  Overlord  
  33  4:35  Drone  
  34  4:42  Drone  
  35  4:49  Drone  
  36  4:56  Drone  
  37  5:02  Extractor  
  37  5:04  Drone, Zergling x2  
  35  5:11  Drone  
  35  5:12  Extractor  
  35  5:15  Overlord  
  35  5:18  Queen, Drone  
  34  5:25  Drone  
  29  5:32  Drone  
  29  5:33  Roach  
  32  5:40  Drone  
  30  5:47  Drone  
  24  5:54  Drone  
  24  6:01  Roach  
  24  6:02  Drone  
  18  6:09  Drone  
  9  6:17  Drone  
Tags
 
Add a new tag
Caveats
  • Supply blocks, unpowered buildings, or Contaminate may cause inaccurate times.
  • Supply counts are checked every 10 seconds.